AoeStats
← (Arm)_Alexios22

Golden Pit

510242639Analyzed
1v1 RM · 1d ago on Sep 30, 2026· 37m 38s· 2 players
Game mode
Random Map
Map size
Tiny (2 player)
Population
200
Speed
Normal
Resources
Standard
Victory
Conquest
Starting age
Dark Age
Ending age
Imperial Age
RankedLock teamsTeams togetherTeam positionsShared explorationLock speedFull tech treeHidden civsTurbo modeCheats
Victory
Defeat
🇺🇸 Danes · United States
1034
+17
🇲🇽 Bulgarians · Mexico
1052
-17
(Arm)_Alexios22
0:31 Loom
10:21 Feudal Age
11:05 Double-Bit Axe
11:16 Man-at-Arms
13:59 Scale Mail Armor
14:04 Horse Collar
17:32 Stone Mining
23:45 Castle Age
23:12 Forging
23:31 Fletching
25:14 Bow Saw
28:39 Town Watch
29:45 Gold Mining
30:07 Pikeman
31:52 Wheelbarrow
Dr. Tonny
3:19 Loom
9:55 Feudal Age
14:19 Town Watch
22:07 Castle Age
20:50 Forging
20:43 Horse Collar
21:18 Double-Bit Axe
33:33 Fletching
37:53 Ballistics
Connection lost

Rejoining the realm…

Still unreachable

The connection could not be restored.

Session expired

The server has moved on; the page needs a fresh start.